[Event "*** Titled Tuesday Blitz"]
[Site "Chess.com"]
[Date "2021.03.09"]
[Round "7"]
[White "Kretov_Evgenij"]
[Black "Shubinkirill2003"]
[Result "1-0"]
[WhiteElo "2554"]
[BlackElo "2654"]
[TimeControl "180+1"]
[EndTime "11:22:49 PST"]
[Termination "Kretov_Evgenij won on time"]

1. d4 e6 2. c4 Nf6 3. Nc3 Bb4 4. Bg5 d6 5. Qa4+ Nc6 6. d5 Bd7 7. dxc6 Bxc3+ 8. bxc3 Bxc6 9. Qc2 Qd7 10. Bxf6 gxf6 11.
Nf3 O-O-O 12. Nd4 f5 13. Nxc6 Qxc6 14. e3 h5 15. h4 Rhg8 16. Rd1 Rg4 17. Rd4 Rdg8 18. Rxg4 Rxg4 19. f3 Rg8 20. Kf2 Qc5 21.
Qd2 Qa5 22. Be2 Qe5 23. f4 Qg7 24. Bf3 e5 25. Qd5 c6 26. Qa5 Kb8 27. fxe5 dxe5 28.
Rd1 b6 29. Qb4 e4 30. Qd6+ Kb7 31. Qd7+ Kb8 32. Qd6+ Kb7 33. Qe7+ Kc8 34. Rd7 Qg3+ 35. Ke2 exf3+ 36. gxf3 Qg2+ 37. Kd3 Qf1+ 38. Kc2 Rg2+ 39. Rd2 Rxd2+ 40. Kxd2 Qxc4 41. Qe8+ Kb7 42. Qe7+ Ka6 43. Qa3+ Kb5 44. Qxa7 Qxh4 45. Qa3 Qf2+ 46. Kd3 Qf1+ 47. Kd2 Qc4 48. Qb2+ Ka5 49. Qa3+ Qa4 50. Qb2 h4 51. Kd3 h3 52. c4 Qb4 53. Qh2 Qa3+ 54. Kd4 Qc5+ 55.
Kd3 Qa3+ 56. Kd4 Qc5+ 57. Kd3 f4 58. exf4 Qf5+ 59. Ke3 Kb4 60. Qb2+ 1-0

[Event "*** Titled Tuesday Blitz"]
[Site "Chess.com"]
[Date "2021.03.09"]
[Round "7"]
[White "PetrolulSah"]
[Black "MasterKroket"]
[Result "1/2-1/2"]
[WhiteElo "2216"]
[BlackElo "2466"]
[TimeControl "180+1"]
[EndTime "11:22:50 PST"]
[Termination "Game drawn - insufficient material"]

1. d4 Nf6 2. c4 e6 3. Nc3 Bb4 4. f3 d5 5. e3 O-O 6. Bd2 c5 7.
a3 cxd4 8. exd4 Be7 9. Be3 Nc6 10. Bd3 dxc4 11. Bxc4 b6 12. Nge2 Bb7 13. O-O Rc8 14. Bd3 Na5 15. Ne4 Nc4 16. Bf2 Nxb2 17. Nxf6+ Bxf6 18. Bxh7+ Kh8 19. Qb3 Nc4 20. Bd3 Nd2 21. Qb5 Qd5 22.
Rfd1 Nc4 23. Qb3 Nd6 24. Qxd5 Bxd5 25. Nf4 Bb3 26. Rdc1 g6 27. Ba6 Rxc1+ 28. Rxc1 Bd8 29. Nd3 Bd5 30. Bg3 Nf5 31. Bf2 Be7 32. Rc7 Bxa3 33. Rxa7 Ra8 34. Rxa8+ Bxa8 35. Ne5 Kg7 36. Nd7 Bb2 37.
Nxb6 Bc6 38. Nc4 Bc3 39. Ne5 Bd5 40. Bd3 Nxd4 41. f4 Nb3 42. g3 Nd2 43. h4 Kf6 44. Bc2 Bxe5 45. fxe5+ Kxe5 46. Be3 Nf3+ 47. Kf2 Nd4 48. Bb1 Nc6 49. Bc1 f5 50. Bb2+ Kd6 51. Ke3 e5 52. g4 Ke6 53. h5 f4+ 54. Kf2 gxh5 55. gxh5 Ne7 56. h6 e4 57. h7 Ng6 58.
h8=Q Nxh8 59. Bxh8 Kf5 60. Bb2 Bc4 61. Bc2 Bd5 62.
Bc1 Kg4 63. Bxf4 Kxf4 64. Bxe4 1/2-1/2

[Event "*** Titled Tuesday Blitz"]
[Site "Chess.com"]
[Date "2021.03.09"]
[Round "7"]
[White "wonderfultime"]
[Black "Promacherr"]
[Result "0-1"]
[WhiteElo "2946"]
[BlackElo "2628"]
[TimeControl "180+1"]
[EndTime "11:22:51 PST"]
[Termination "Promacherr won by resignation"]

1. d4 d5 2. Nf3 Nf6 3. Bf4 Bf5 4. e3 e6 5. c4 Bb4+ 6. Nc3 Ne4 7. Qb3 Nc6 8. cxd5 exd5 9. Bb5 Bxc3+ 10. bxc3 O-O 11. O-O Na5 12. Qa3 c6 13. Be2 b5 14. Rfd1 f6 15. Nd2 Nxd2 16. Rxd2 Re8 17. h3 Nc4 18. Bxc4 dxc4 19.
Re1 a5 20. f3 Bd3 21. e4 Qe7 22. Bd6 Qd7 23. Qc5 Ra7 24. a3 Rb7 25. Rb2 b4 26. axb4 Rb5 27. Ra1 Rxc5 28. Bxc5 Qb7 29. Rba2 axb4 30. Ra7 Qxa7 31. Rxa7 b3 32. Ba3 Rb8 33. Bb2 h5 34. h4 Kh7 35. Kf2 Kg6 36.
Ke3 Rb5 37. g4 hxg4 38. fxg4 Rb8 39. h5+ Kh6 40. Kf3 Re8 41. e5 fxe5 42. dxe5 Rxe5 43. Bc1+ Kh7 44. h6 Re1 45. Rxg7+ Kh8 46. Ba3 Ra1 47. Bc5 Rf1+ 48. Kg3 b2 49. Bd4 b1=Q 50. Rd7+ Kg8 51.
Rg7+ Kf8 52. Bc5+ Ke8 53. Re7+ Kd8 54. Kh4 Rh1+ 55. Kg5 Qc1+ 56. Be3 Kxe7 57. Bxc1 Rxc1 58. Kf4 Rh1 59. g5 Kf7 60. Ke5 Kg6 61. Kf4 Rh4+ 62. Kg3 Rh5 63. Kf4 Rxg5 64. h7 Rh5 65. h8=Q Rxh8 0-1

[Event "*** Titled Tuesday Blitz"]
[Site "Chess.com"]
[Date "2021.03.09"]
[Round "7"]
[White "goldihouse"]
[Black "Margency"]
[Result "1-0"]
[WhiteElo "2579"]
[BlackElo "2693"]
[TimeControl "180+1"]
[EndTime "11:22:51 PST"]
[Termination "goldihouse won by resignation"]

1. c4 Nf6 2. g3 g6 3. Bg2 Bg7 4. Nc3 O-O 5. e4 d6 6. Nge2 c5 7. O-O Nc6 8. a3 Ne8 9. Rb1 Nc7 10. b4 Ne6 11. d3 Ncd4 12. Be3 Rb8 13. bxc5 dxc5 14.
Nd5 Nxe2+ 15. Qxe2 Nd4 16. Qd1 e6 17. Bf4 e5 18.
Be3 Be6 19. Bxd4 cxd4 20. Qa4 a6 21. Rb2 Bd7 22. Qb4 Re8 23. Qb6 Bc6 24. Qxd8 Rbxd8 25. Rfb1 b5 26. cxb5 axb5 27. Nc7 Rf8 28. Nxb5 Ra8 29.
Bf1 Ra5 30. Nd6 Rxa3 31. Nc4 Rc3 32. Rb3 Ba4 33. Ra3 Rxa3 34. Nxa3 Rc8 35. Nc4 f6 36.
Bh3 Rc7 37. Rb8+ Bf8 38. Kf1 Kf7 39. Ke2 h5 40. f4 exf4 41. gxf4 Ra7 42. Be6+ Kxe6 43.
Rxf8 Bb5 44. Rc8 Ra2+ 45. Kf3 Rxh2 46. f5+ gxf5 47. exf5+ Kd7 48. Rc5 Bc6+ 49. Kf4 Rf2+ 50. Kg3 Rf3+ 51. Kh4 Rxd3 52. Na5 Bg2 53. Kxh5 Rh3+ 54.
Kg6 d3 55. Nb3 Rf3 56. Kxf6 Bh3 57. Re5 Kd6 58. Re6+ Kd5 59. Re5+ Kc4 60. Nd2+ Kc3 61. Nxf3 Bg4 62. Rc5+ Kb3 63. Rd5 Kc4 64. Rd4+ Kc3 65. Rxg4 d2 66. Nxd2 1-0

[Event "*** Titled Tuesday Blitz"]
[Site "Chess.com"]
[Date "2021.03.09"]
[Round "7"]
[White "MaevskiyNikolay"]
[Black "konradrutkowski"]
[Result "0-1"]
[WhiteElo "2509"]
[BlackElo "2416"]
[TimeControl "180+1"]
[EndTime "11:22:51 PST"]
[Termination "konradrutkowski won on time"]

1. d4 Nf6 2. Nf3 e6 3. e3 c5 4. Bd3 Nc6 5. O-O b6 6. b3 Bb7 7.
Bb2 cxd4 8. exd4 Be7 9. c4 O-O 10. Re1 Nb4 11. Be2 Be4 12. Nc3 Bg6 13. Rc1 d5 14.
Ne5 dxc4 15. bxc4 Rc8 16. a3 Nc6 17. Nxg6 hxg6 18. d5 exd5 19. cxd5 Na5 20. Ba6 Rc5 21. Qe2 Bd6 22. Rcd1 Re8 23. Qf1 Rxe1 24. Qxe1 Nc4 25. Bxc4 Rxc4 26. Nb5 Bxh2+ 27. Kxh2 Ng4+ 28. Kg1 Qh4 29. Be5 Re4 30. Bg3 Rxe1+ 31. Rxe1 Qg5 32. Rd1 Nf6 33. Nxa7 Nxd5 34. Nc8 Nf6 35. Nxb6 Qc5 36. Nd7 Nxd7 37. Rxd7 Qxa3 38. Rd8+ Kh7 39. Kh2 g5 40. Rd5 f6 41. f3 Kg6 42. Rd8 Qb2 43. Rd1 Qb4 44.
Kg1 f5 45. Bf2 f4 46. Re1 Kf5 47. Re4 Qb1+ 48. Re1 Qc2 49. Re7 Qb1+ 50. Re1 Qa2 51. Bd4 g4 52. Re5+ Kg6 53. fxg4 Qb1+ 54. Kh2 Qd3 55. Ba1 Qg3+ 56. Kg1 f3 57. Re6+ Kf7 58.
Kf1 Qxg2+ 59. Ke1 Kxe6 60. Kd1 Qe2+ 61. Kc1 f2 62. Bc3 f1=Q+ 0-1

[Event "*** Titled Tuesday Blitz"]
[Site "Chess.com"]
[Date "2021.03.09"]
[Round "7"]
[White "Olga_Girya"]
[Black "tk22h"]
[Result "0-1"]
[WhiteElo "2452"]
[BlackElo "2351"]
[TimeControl "180+1"]
[EndTime "11:22:51 PST"]
[Termination "tk22h won on time"]

1. d4 Nf6 2. Nf3 g6 3. Bg5 Bg7 4. Nbd2 O-O 5. c3 d5 6. Bxf6 exf6 7. e3 c6 8. Bd3 f5 9. O-O Nd7 10. a4 Nf6 11. Ne5 Ne4 12. f4 Qe7 13. Re1 Nd6 14.
b3 f6 15. Nef3 Bd7 16. c4 Be6 17. a5 a6 18. Qc2 Rfe8 19. Bf1 Rac8 20. Qb2 c5 21.
dxc5 Rxc5 22. b4 Rcc8 23. c5 Ne4 24. Nd4 Bf7 25. Nxe4 fxe4 26. f5 Qe5 27. Qf2 Bh6 28.
Rac1 Rc7 29. g3 Rec8 30. Bh3 g5 31. Bg4 Bf8 32. Qe2 Kg7 33. Red1 Be7 34. Bh5 Bg8 35. Rc2 Bf8 36. Rcd2 Be7 37. Ne6+ Bxe6 38. fxe6 Rd8 39. Rf1 d4 40. exd4 Rxd4 41. Rfd1 Rxb4 42. Bf7 Qxc5+ 43.
Kh1 e3 44. Rd5 Qc3 45. Rd7 Rbc4 46. R7d3 Qxa5 47. Qxe3 Qc5 48. Qe2 Qc6+ 49. Rd5 Rc1 50. Kg2 Rxd1 51. Qxd1 Qc2+ 52. Qxc2 Rxc2+ 53. Kf3 Rc7 54. Be8 b5 55. h4 h6 56. hxg5 fxg5 57. Rd7 Rxd7 58. Bxd7 Kf6 59. g4 Ke5 60. Ke3 Kd5 61. Kd3 Kc5 62. Bc8 a5 63. Bd7 a4 64. Ke4 a3 0-1

[Event "*** Titled Tuesday Blitz"]
[Site "Chess.com"]
[Date "2021.03.09"]
[Round "7"]
[White "BahadirOzen"]
[Black "Msb2"]
[Result "1-0"]
[WhiteElo "2783"]
[BlackElo "2898"]
[TimeControl "180+1"]
[EndTime "11:22:55 PST"]
[Termination "BahadirOzen won by resignation"]

1. g3 d5 2. Bg2 Nf6 3. Nf3 Bg4 4. O-O e6 5. c4 c6 6. cxd5 Bxf3 7. Bxf3 cxd5 8. d3 Nc6 9. Nc3 Be7 10. Bg2 O-O 11. a3 Rc8 12. Bd2 Nd7 13. Rc1 Bf6 14. b4 Qe7 15. Qb3 Nd4 16. Qa2 a6 17. e3 Nc6 18. Ne2 Nde5 19. Qb3 Rc7 20. Rc2 Rfc8 21. Rfc1 g6 22. h3 Bg7 23. Bc3 h5 24. Bd2 h4 25.
g4 Nd7 26. a4 b5 27. axb5 axb5 28. Kf1 Qd6 29. Ng1 d4 30. Rxc6 Rxc6 31. Rxc6 Rxc6 32.
Bxc6 Qxc6 33. e4 Ne5 34. Ke2 Qa8 35. Nf3 Qa1 36. Nxe5 Bxe5 37. f4 Bd6 38. e5 Be7 39.
f5 gxf5 40. gxf5 exf5 41. e6 Qh1 42. exf7+ Kg7 43. Qe6 Qg2+ 44. Kd1 Qb7 45. Bh6+ Kh7 46. f8=Q Bxf8 47. Bxf8 Qf3+ 48. Kd2 Qf2+ 49. Qe2 Qf4+ 50. Kd1 Qg3 51. Qh5+ Kg8 52. Qxf5 Qg1+ 53. Ke2 Qg2+ 54.
Ke1 Qg1+ 55. Ke2 Qg2+ 56. Qf2 Qxh3 57. Bc5 Qg4+ 58. Qf3 Qg7 59. Qa8+ Kh7 60. Qe4+ Kg8 61. Qxh4 Qg2+ 62. Qf2 Qg4+ 63. Qf3 Qe6+ 64. Qe4 Qa2+ 65. Kf3 Kf7 66. Qf5+ Ke8 67. Qe5+ Kd8 68. Qxd4+ Kc8 69.
Qg4+ Kb7 70. Qd7+ Kb8 71. Bd6+ Ka8 72. Qc8+ 1-0

[Event "*** Titled Tuesday Blitz"]
[Site "Chess.com"]
[Date "2021.03.09"]
[Round "7"]
[White "Ghost_Pepper"]
[Black "maxip32"]
[Result "0-1"]
[WhiteElo "2392"]
[BlackElo "2523"]
[TimeControl "180+1"]
[EndTime "11:22:55 PST"]
[Termination "maxip32 won on time"]

1. e4 c5 2. Nf3 d6 3. d4 cxd4 4. Nxd4 Nf6 5. Nc3 a6 6. h3 e5 7. Nde2 h5 8. Bg5 Be6 9. Qd2 Nbd7 10. g3 Be7 11. Bg2 b5 12. O-O b4 13. Nd5 Nxd5 14. exd5 Bxg5 15. f4 Bxh3 16. fxg5 Bxg2 17. Kxg2 a5 18.
a3 bxa3 19. Rxa3 Nc5 20. Raf3 Ra7 21. Nc3 h4 22. Qf2 Qxg5 23. Rxf7 Rxf7 24. Qxf7+ Kd8 25.
Ne2 hxg3 26. Nxg3 Ne4 27. Qf3 Nxg3 28. Qxg3 Qxg3+ 29. Kxg3 Ke7 30. Ra1 Rb8 31. b3 Rb5 32. Kg4 Rxd5 33. Kf5 Rc5 34. Kg6 Rxc2 35. Rxa5 Rb2 36.
Kf5 Rxb3 37. Ra7+ Kd8 38. Ke6 e4 39. Kxd6 Ke8 40. Ke6 Kf8 41. Rf7+ Kg8 42. Re7 Rb6+ 43. Kf5 Rb4 44. Re8+ Kh7 45. Kg5 Rb5+ 46. Kg4 Rb4 47.
Kg5 Ra4 48. Re7 Ra5+ 49. Kg4 Ra4 50. Kg5 Rd4 51. Kf4 Kh6 52. Re6+ Kh5 53. Re7 g5+ 54.
Kf5 Kh4 55. Rh7+ Kg3 56. Kxg5 e3 57. Kf5 e2 58. Re7 Kf2 59. Kf6 Rf4+ 60. Kg7 Rf3 0-1

[Event "*** Titled Tuesday Blitz"]
[Site "Chess.com"]
[Date "2021.03.09"]
[Round "7"]
[White "Matols"]
[Black "BashirliSaadat"]
[Result "1-0"]
[WhiteElo "2281"]
[BlackElo "2168"]
[TimeControl "180+1"]
[EndTime "11:22:56 PST"]
[Termination "Matols won on time"]

1. d4 d5 2. c4 e6 3. Nf3 c6 4.
e3 Nf6 5. b3 dxc4 6. bxc4 Bb4+ 7. Bd2 Bxd2+ 8. Nbxd2 O-O 9. Bd3 b6 10. O-O Bb7 11. Qc2 h6 12. e4 Nbd7 13. e5 Ne8 14. Ne4 c5 15. dxc5 Nxc5 16. Nxc5 bxc5 17. Rfd1 Qc7 18. Be4 Bxe4 19. Qxe4 Rb8 20. Rab1 Qc8 21. Rxb8 Qxb8 22. Qc6 Nc7 23. Qxc5 Na6 24. Qd6 Qb7 25. h3 Rc8 26. Rc1 Qb2 27. Qd2 Qb6 28. Qd4 Qc7 29. Qc3 Nc5 30. Rd1 Ne4 31. Qc2 Nc5 32.
Rd6 Nb7 33. Rd4 Nc5 34. Qe2 Na4 35. Nd2 Qc5 36. Nb3 Qc7 37. Rd6 Qxc4 38. Rd8+ Kh7 39. Qxc4 Rxc4 40. Rd7 Rc2 41. Rxa7 Nc3 42. a4 Ra2 43. a5 Nb5 44. Ra8 Ra3 45. Nc5 Nd4 46. Nd7 Nc6 47. Nf8+ Kg8 48. Nxe6+ Kh7 49. Nf8+ Kg8 50.
Nd7+ Kh7 51. a6 Ra1+ 52. Kh2 Kg6 53. Nb8 Nb4 54. a7 Nd5 55. Nc6 Nb6 56. Rb8 Nd7 57.
Rb7 Nc5 58. Rb8 Nd7 59. a8=Q 1-0

[Event "*** Titled Tuesday Blitz"]
[Site "Chess.com"]
[Date "2021.03.09"]
[Round "7"]
[White "Sanan_Sjugirov"]
[Black "Funo09"]
[Result "1/2-1/2"]
[WhiteElo "2889"]
[BlackElo "2743"]
[TimeControl "180+1"]
[EndTime "11:22:57 PST"]
[Termination "Game drawn - insufficient material"]

1. d4 Nf6 2. Nf3 g6 3. Bg5 Bg7 4. c3 O-O 5. Nbd2 d6 6. e3 Nbd7 7. Bd3 b6 8. O-O Bb7 9. Re1 e5 10. e4 h6 11. Bh4 Qe8 12. a4 a5 13. Bb5 Qe6 14. Qc2 Rfe8 15. Rad1 c6 16. Bf1 Ba6 17. Bxa6 Rxa6 18. Nf1 Raa8 19. Ne3 exd4 20. Nxd4 Qxe4 21. Qxe4 Rxe4 22. Bxf6 Nxf6 23. f3 Ree8 24. Nxc6 d5 25. Kf1 Rac8 26. Nd4 h5 27. Nb5 Rcd8 28. Nc7 Re5 29. Nc2 Rxe1+ 30. Rxe1 Rc8 31. Nb5 Nd7 32. Ne3 Rc5 33. Rd1 Nf6 34. Kf2 Bh6 35. Nc2 Rc4 36. Rd4 Bc1 37. b3 Rc5 38. Ke2 Kf8 39. Rd1 Bh6 40.
Ncd4 h4 41. g3 hxg3 42. hxg3 Nh5 43. Kf2 Bg7 44. f4 Nf6 45. Kf3 Ne4 46. Ne2 Nxc3 47. Nbxc3 Bxc3 48. g4 Kg7 49. f5 gxf5 50. gxf5 Kf6 51.
Kg4 Be5 52. Rd2 b5 53. axb5 Rxb5 54. Rd3 Rb4+ 55. Kh5 Kxf5 56. Rxd5 Ke4 57. Rxa5 Rxb3 58. Kg4 f5+ 59. Kg5 f4 60. Ra4+ Kf3 61. Nxf4 Bxf4+ 62. Rxf4+ Kg3 63. Rg4+ Kf2 64. Rf4+ Rf3 65. Rxf3+ Kxf3 1/2-1/2

[Event "*** Titled Tuesday Blitz"]
[Site "Chess.com"]
[Date "2021.03.09"]
[Round "7"]
[White "woodhy"]
[Black "Chesswizard_2007"]
[Result "0-1"]
[WhiteElo "2456"]
[BlackElo "2682"]
[TimeControl "180+1"]
[EndTime "11:22:57 PST"]
[Termination "Chesswizard_2007 won on time"]

1. e4 c5 2. Nf3 Nc6 3. d4 cxd4 4.
Nxd4 e5 5. Nb5 a6 6. Nd6+ Bxd6 7.
Qxd6 Qe7 8. Qd1 Nf6 9. Nc3 Nd4 10. Bc4 b5 11. Nd5 Qc5 12. Nxf6+ gxf6 13. Bd5 Nxc2+ 14. Kf1 Rb8 15. Rb1 d6 16. Bb3 Nd4 17. Be3 Be6 18. Bxd4 Qxd4 19. Qxd4 exd4 20. Ke2 Rg8 21. g3 Rc8 22.
Rhc1 Kd7 23. Kd3 f5 24. Kxd4 fxe4 25. Bxe6+ fxe6 26. Kxe4 Rg4+ 27. f4 Rgg8 28. Kd4 a5 29. Rc3 b4 30. Rc4 e5+ 31. Kd5 Rxc4 32. Kxc4 exf4 33.
gxf4 Rg4 34. Kb5 Rxf4 35. Kxa5 h5 36. b3 h4 37. Rb2 h3 38. Rd2 Kc6 39. Rd3 Kc5 40.
Rxh3 Rf2 41. a4 bxa3 42. b4+ Kc4 43. Rxa3 Rf5+ 44. Kb6 Kxb4 45. Rd3 d5 46. Kc6 Kc4 47. Rd1 d4 48. h4 Rf6+ 49. Kd7 Rh6 50. Rh1 d3 51.
Ke7 d2 52. Kf7 Kc3 53. Kg7 Rh5 54. Kg6 Rxh4 55. Rxh4 d1=Q 56. Rh3+ Kc4 57. Rh5 Qg4+ 58. Rg5 Qe6+ 59. Kg7 Kd4 60. Rg6 Qe7+ 61. Kh6 Ke4 62. Kh5 Kf5 0-1

[Event "*** Titled Tuesday Blitz"]
[Site "Chess.com"]
[Date "2021.03.09"]
[Round "7"]
[White "Shuvalov"]
[Black "olksuna"]
[Result "0-1"]
[WhiteElo "2512"]
[BlackElo "2669"]
[TimeControl "180+1"]
[EndTime "11:22:58 PST"]
[Termination "olksuna won on time"]

1. Nf3 Nf6 2. c4 c5 3. g3 b6 4. Bg2 Bb7 5. O-O e6 6. Nc3 Be7 7. d4 cxd4 8. Qxd4 d6 9. Bg5 a6 10. Bxf6 Bxf6 11. Qf4 Be7 12. Ne4 Bxe4 13. Qxe4 Ra7 14.
Nd4 O-O 15. Rfd1 Qc7 16. b3 Qc5 17. Rac1 Rc7 18. Qb1 Qb4 19. e3 Rfc8 20. Qb2 Rxc4 21. Nc6 R4xc6 22. Bxc6 Rxc6 23. Rxc6 Nxc6 24. Rc1 Ne5 25.
Rc8+ Bf8 26. Qc1 g5 27. h3 Qe4 28. Qc2 Qd5 29. e4 Qd4 30. Kg2 Kg7 31. Qe2 b5 32. Rc7 d5 33. exd5 Qxd5+ 34. f3 h6 35. Rc2 Bc5 36.
Rd2 Bd4 37. Qe4 Qxe4 38. fxe4 Nc6 39. Rc2 Nb4 40. Rd2 e5 41. a3 Nc6 42. Rc2 Na5 43. a4 Nxb3 44. axb5 axb5 45. Rc7 b4 46. Rb7 Bc3 47. Kf3 Nd4+ 48. Ke3 b3 49. Kd3 Be1 50. g4 Bg3 51. Rb6 Bf4 52. Rb7 Kf6 53. Rb6+ Kg7 54. Rb7 Kf8 55. Rb6 Ke7 56. Rxh6 f6 57. Rh7+ Kd6 58. Rb7 Kc6 59. Rb8 Bc1 60. Rb4 b2 61. Kc4 Nc2 62. Rb3 Na3+ 0-1

[Event "*** Titled Tuesday Blitz"]
[Site "Chess.com"]
[Date "2021.03.09"]
[Round "7"]
[White "Klavdia_Nik"]
[Black "yonaltimur"]
[Result "1-0"]
[WhiteElo "2046"]
[BlackElo "1793"]
[TimeControl "180+1"]
[EndTime "11:23:00 PST"]
[Termination "Klavdia_Nik won by checkmate"]

1. Nf3 d5 2. c4 dxc4 3. Na3 Nf6 4. Nxc4 c6 5. b3 Bf5 6. Bb2 e6 7. g3 Be7 8. Bg2 O-O 9. O-O Nbd7 10. d3 a5 11. a3 Nd5 12. e4 Bg4 13. exd5 cxd5 14.
Ne3 Bh5 15. d4 Nf6 16. h3 Ne4 17. g4 Bg6 18. Qe2 Rc8 19. Nd2 Nxd2 20. Qxd2 h5 21. Rac1 Qb6 22. Rc3 hxg4 23. hxg4 Bd6 24. Rfc1 Rxc3 25.
Rxc3 Bb8 26. Nf1 Qd6 27. Rh3 Rc8 28. Rc3 Rd8 29. Qc1 Kh7 30. Rh3+ Kg8 31. Qg5 Rc8 32. Qh4 Kf8 33. Qh8+ Ke7 34. Qxc8 Bc7 35. Rh8 Bd8 36. Qxb7+ Kf6 37. Qb5 Bc2 38. b4 axb4 39. axb4 Bg6 40. Qc5 Qxc5 41. bxc5 Ke7 42. Bc3 Bc7 43.
Ne3 Kd7 44. Ra8 Kc6 45. Ra7 Kd7 46. Ba5 Kc6 47. Rxc7+ Kb5 48. Bb6 Ka6 49. Ra7+ Kb5 50. Ra2 Kc6 51. Ba7 Bd3 52. Rb2 Bb5 53. Nd1 Bd3 54. Nc3 Bc4 55. Bb8 Kd7 56. Bd6 Kc6 57. Rb6+ Kd7 58. Rb7+ Kc8 59. Rxf7 Kd8 60. Rxg7 Kc8 61.
Re7 Kd8 62. g5 Kc8 63. g6 Kd8 64. g7 Kc8 65. g8=Q# 1-0

[Event "*** Titled Tuesday Blitz"]
[Site "Chess.com"]
[Date "2021.03.09"]
[Round "7"]
[White "suyu28"]
[Black "Gerasimenyuk_Miha"]
[Result "0-1"]
[WhiteElo "2595"]
[BlackElo "2442"]
[TimeControl "180+1"]
[EndTime "11:23:01 PST"]
[Termination "Gerasimenyuk_Miha won by checkmate"]

1. d4 d6 2. Bf4 c6 3. Nf3 Bg4 4. e3 g5 5. Bg3 h5 6. h4 Bxf3 7.
Qxf3 g4 8. Qd1 Nf6 9. Nc3 Nbd7 10.
Bd3 Qa5 11. O-O Bh6 12. Qe2 O-O-O 13. a4 e5 14. Rfb1 exd4 15. exd4 Rhe8 16. Qd1 Nd5 17.
Bxd6 Nxc3 18. bxc3 Qxc3 19. a5 Qxd4 20. Bg3 Bf4 21.
Bxf4 Qxf4 22. a6 b6 23. Qc1 Qxc1+ 24. Rxc1 Nc5 25. Bf1 Kc7 26. Rd1 b5 27. Kh2 f5 28.
f3 f4 29. fxg4 hxg4 30. Rxd8 Rxd8 31. Be2 g3+ 32. Kh3 Rg8 33. Bf3 Kb6 34. h5 Nxa6 35.
Kh4 Nc7 36. h6 a5 37. h7 Rh8 38. Be4 Nd5 39. Kg5 a4 40. Kg6 Re8 41. Bd3 Nb4 42. Kg7 Nxd3 43. cxd3 Ka5 44. Re1 Rd8 45.
Re2 a3 46. d4 b4 47. Re7 b3 48. Ra7+ Kb4 49. Rb7+ Kc3 50. h8=Q Rxh8 51. Kxh8 a2 52. Ra7 b2 53. Ra3+ Kxd4 54. Rxa2 b1=Q 55. Rd2+ Ke3 56. Rd7 Qh1+ 57. Kg7 Qxg2 58. Kf6 Qd5 59. Re7+ Kf2 60. Kg7 g2 61. Kh8 g1=Q 62. Rf7 Qh5+ 63. Rh7 Qe8# 0-1

[Event "*** Titled Tuesday Blitz"]
[Site "Chess.com"]
[Date "2021.03.09"]
[Round "7"]
[White "Iball95"]
[Black "KacperPolOK"]
[Result "1-0"]
[WhiteElo "2651"]
[BlackElo "2507"]
[TimeControl "180+1"]
[EndTime "11:23:02 PST"]
[Termination "Iball95 won by resignation"]

1. e4 c5 2. Nf3 Nc6 3. Nc3 e5 4.
Bc4 Be7 5. d3 d6 6. h4 h5 7. Ng5 Bxg5 8. Bxg5 Nge7 9. Nd5 Be6 10.
c3 Qd7 11. Qa4 Rd8 12. O-O O-O 13. Nxe7+ Nxe7 14. Qxa7 f6 15. Be3 Ra8 16. Qb6 Kh7 17.
Bb5 Nc6 18. d4 Qd8 19. Qxd8 Rfxd8 20. d5 Na7 21. Be2 Bf7 22. a4 b6 23. b4 f5 24. exf5 Bxd5 25. Bxh5 Bc4 26. Rfd1 d5 27. bxc5 d4 28. cxd4 exd4 29. Rxd4 Rxd4 30. Bxd4 Nc6 31. Be3 bxc5 32. Bxc5 Bb3 33. Bf3 Rxa4 34. Rb1 Na5 35. g4 Bc2 36. Rc1 Rc4 37. Be3 Nb3 38. Re1 Bd3 39. Kg2 Ra4 40. Kg3 Bc2 41. Re2 Bd3 42.
Rb2 Nd4 43. Bxd4 Rxd4 44. Rd2 Rd7 45. Be4 Bb5 46. f6+ Kg8 47. Rxd7 Bxd7 48. fxg7 Kxg7 49. Bf5 Bc6 50. f4 Kf6 51. Bd3 Bd7 52. g5+ Kg7 53.
h5 Kh8 54. h6 Be6 55. f5 Bf7 56. Kf4 Bd5 57. Ke5 Bg8 58. Be4 Bf7 59. Bd5 Bg6 60.
Be4 Bf7 61. g6 Bb3 62. f6 Kg8 63. Bd5+ Kh8 64. f7 1-0

[Event "*** Titled Tuesday Blitz"]
[Site "Chess.com"]
[Date "2021.03.09"]
[Round "7"]
[White "PopMilan95"]
[Black "CakeinSpace2002"]
[Result "1-0"]
[WhiteElo "2607"]
[BlackElo "2417"]
[TimeControl "180+1"]
[EndTime "11:23:02 PST"]
[Termination "PopMilan95 won on time"]

1. e4 d5 2. exd5 Qxd5 3. Nc3 Qd8 4. d4 Nf6 5. Nf3 Bg4 6. h3 Bxf3 7. Qxf3 c6 8. Be3 e6 9. O-O-O Qa5 10. Kb1 Nbd7 11. g4 Bb4 12. Ne4 Nxe4 13. Qxe4 Nf6 14. Qf3 Nd5 15. Bc1 b5 16. g5 Bd6 17. h4 Rb8 18. h5 Nb4 19. Qb3 Nd5 20. Ka1 Qc7 21. Qf3 a5 22. g6 hxg6 23. hxg6 Rxh1 24. Qxh1 f6 25. Qe4 Kd7 26. Bh3 Re8 27. Re1 Kd8 28.
Bxe6 Bf4 29. Be3 Bxe3 30. fxe3 Qd6 31. Qd3 Qxe6 32. Qd2 Nb4 33. b3 Nd5 34. Qxa5+ Ke7 35. e4 Kd7 36. Kb2 Nc7 37. Qa7 f5 38. d5 cxd5 39. e5 f4 40. Qd4 Qf5 41. a4 bxa4 42.
Qxa4+ Kd8 43. Qa3 Qe6 44. Qa7 f3 45. Re3 f2 46. Rc3 Qxe5 47. Qxf2 Ne6 48. Qb6+ Ke7 49.
Qb4+ Kf6 50. Kb1 Kxg6 51. Rd3 Nf4 52. Rg3+ Kf6 53. Qb6+ Re6 54. Qd8+ Kf7 55. Qd7+ Re7 56. Qg4 Qe1+ 57. Kb2 Ne6 58. Rf3+ Ke8 59. Qa4+ Kd8 60. Qa8+ Kd7 61. Qxd5+ Ke8 62. Qc6+ Kd8 63. Rd3+ 1-0

[Event "*** Titled Tuesday Blitz"]
[Site "Chess.com"]
[Date "2021.03.09"]
[Round "7"]
[White "NovikovaGalina"]
[Black "SF-96"]
[Result "0-1"]
[WhiteElo "2406"]
[BlackElo "2543"]
[TimeControl "180+1"]
[EndTime "11:23:02 PST"]
[Termination "SF-96 won on time"]

1. e4 e5 2. Nf3 Nc6 3. d4 exd4 4. Nxd4 Bc5 5. Nb3 Bb6 6. Nc3 d6 7. Qe2 Nge7 8. Be3 O-O 9. O-O-O f5 10. f3 fxe4 11.
fxe4 Ng6 12. h4 Bxe3+ 13. Qxe3 Bg4 14. Bc4+ Kh8 15. Rdf1 Nce5 16. Be2 Rxf1+ 17. Bxf1 Nxh4 18. Qg3 Nhg6 19. Nd4 Qg5+ 20. Kb1 Qf4 21. Qe1 Rf8 22. Nd5 Qf7 23. a3 c6 24. Ne3 Qf2 25. Qc3 Bc8 26. Nef5 c5 27. Qh3 h6 28. Nf3 Nxf3 29. gxf3 Bxf5 30.
exf5 Ne5 31. Bg2 Qe3 32. Qh4 Rf6 33. Qh5 Nc4 34. Rh4 Nd2+ 35. Ka2 Qe1 36. Rh1 Qe2 37. Bh3 Qc4+ 38. Ka1 Qxc2 39. Ka2 Qc4+ 40. Ka1 Nb3+ 41. Kb1 Qd3+ 42. Ka2 Nd4 43. Qe8+ Kh7 44. Qe4 Qxe4 45. fxe4 Nc6 46. Rd1 Ne5 47. Rd5 g5 48. b4 g4 49.
bxc5 gxh3 50. cxd6 Nd7 51. e5 h2 52. e6 h1=Q 53.
exd7 Rf8 54. Re5 Rd8 55. Re7+ Kg8 56. f6 Qd5+ 57. Ka1 Qd4+ 58. Ka2 Qxf6 59. Re8+ Kf7 60.
Re7+ Qxe7 61. dxe7 Kxe7 0-1

[Event "*** Titled Tuesday Blitz"]
[Site "Chess.com"]
[Date "2021.03.09"]
[Round "7"]
[White "Grimlock_Glasgow"]
[Black "Smile2005"]
[Result "1/2-1/2"]
[WhiteElo "2506"]
[BlackElo "2397"]
[TimeControl "180+1"]
[EndTime "11:23:09 PST"]
[Termination "Game drawn by repetition"]

1. e4 d5 2. exd5 Nf6 3. Nf3 Nxd5 4. d4 Bg4 5. c4 Nb6 6. Nc3 e5 7. c5 exd4 8. cxb6 dxc3 9. Qxd8+ Kxd8 10. Bg5+ f6 11. O-O-O+ Bd6 12. bxc7+ Kxc7 13. Be3 cxb2+ 14. Kxb2 Bxf3 15. gxf3 Nc6 16. f4 Rad8 17. Bg2 Be7 18. Rc1 f5 19. h4 Bf6+ 20. Kb3 Rd3+ 21. Kc4 Rhd8 22. h5 a6 23. Bxc6 Kxc6 24. Kb4+ Kd7 25. Rc5 Be7 26. Kc4 Bxc5 27. Kxd3 Kc6+ 28. Kc3 b6 29.
Rg1 Rd7 30. Rg5 Rf7 31. Bd4 Bxd4+ 32. Kxd4 Kd6 33. a4 b5 34. axb5 axb5 35. Rg1 Rc7 36. Kd3 Kd5 37. Re1 g6 38. Re5+ Kd6 39. Rxb5 Ke6 40.
hxg6 hxg6 41. Rb6+ Kf7 42. Kd4 Rd7+ 43. Ke3 Re7+ 44. Kf3 Re6 45. Rb7+ Kf6 46. Rb8 Ra6 47.
Rb5 Ra3+ 48. Kg2 Ra4 49. Kg3 Ra3+ 50. f3 Kg7 51. Rb8 Ra1 52. Rb7+ Kh6 53. Rb6 Rg1+ 54. Kf2 Ra1 55. Kg3 Kg7 56. Kh4 Rh1+ 57. Kg3 Rg1+ 58.
Kf2 Ra1 59. Kg3 Rg1+ 60. Kf2 Ra1 61. Rb5 Ra2+ 62. Kg3 Ra1 63. Kh3 Rh1+ 64. Kg2 Ra1 65.
Kg3 Rg1+ 66. Kf2 Ra1 67. Kg3 Rg1+ 68. Kf2 Ra1 69. Kg3 1/2-1/2